
130 views
Uploaded 2021-02-04 13:59:13
Game version 1.32.9
16:39 long 4on4 custom game on w3c_wellspring_temple
Game name "w3c-20-ReyQ5q0_z"
Saved by lmao
130 views
Uploaded 2021-02-04 13:59:13
Game version 1.32.9
16:39 long 4on4 custom game on w3c_wellspring_temple
Game name "w3c-20-ReyQ5q0_z"
Healing Salve | 6 | 600 |
Lesser Clarity Potion | 7 | 490 |
Scroll of Speed | 4 | 200 |
Potion of Mana | 1 | 200 |
Potion of Healing | 2 | 300 |
Scroll of Town Portal | 2 | 700 |
Potion of Lesser Invulnerability | 1 | 150 |
Replenishment Potion | 1 | 150 |
total: | 24 | 2790g |
Peon | 15 | 1125 | / | 0 |
Grunt | 8 | 1600 | / | 0 |
Raider | 2 | 360 | / | 80 |
Wind Rider | 5 | 1325 | / | 200 |
Goblin Shredder | 1 | 375 | / | 100 |
total: | 31 | 4785g | / | 380w |
Watch Tower | 2 | 220 | / | 160 |
Altar of Storms | 1 | 180 | / | 50 |
Orc Burrow | 7 | 1120 | / | 280 |
Barracks | 1 | 180 | / | 50 |
Voodoo Lounge | 3 | 390 | / | 90 |
Great Hall | 1 | 385 | / | 185 |
War Mill | 1 | 205 | / | 0 |
Beastiary | 3 | 435 | / | 420 |
Stronghold | 1 | 315 | / | 190 |
Fortress | 1 | 325 | / | 190 |
total: | 19 | 3115g | / | 1235w |
0:03 | Peon |
0:03 | Peon |
0:05 | Altar of Storms |
0:19 | Orc Burrow |
0:20 | Peon |
0:35 | Barracks |
0:43 | Peon |
0:59 | Peon |
1:00 | Peon |
1:28 | Orc Burrow |
1:36 | Grunt |
1:48 | Peon |
2:05 | Peon |
2:06 | Feral Spirit |
2:19 | Voodoo Lounge |
2:24 | Grunt |
3:03 | Stronghold |
3:17 | Grunt |
3:42 | Orc Burrow |
3:59 | Healing Salve |
3:59 | Lesser Clarity Potion |
3:59 | Scroll of Speed |
4:16 | Grunt |
4:28 | Chain Lighting |
4:41 | Healing Salve |
4:41 | Lesser Clarity Potion |
4:55 | Voodoo Lounge |
4:56 | Voodoo Lounge |
5:15 | Grunt |
5:40 | Great Hall |
6:23 | Feral Spirit |
6:46 | Grunt |
6:46 | Berserker Strength |
6:48 | Beastiary |
7:06 | War Stomp |
7:29 | Grunt |
7:30 | Beastiary |
8:10 | Fortress |
8:15 | Peon |
8:15 | Peon |
8:15 | Peon |
8:17 | Peon |
8:44 | Healing Salve |
8:44 | Lesser Clarity Potion |
8:44 | Scroll of Speed |
8:45 | Raider |
8:48 | War Mill |
8:55 | Potion of Mana |
8:55 | Potion of Healing |
9:06 | Ensnare |
9:16 | Lesser Clarity Potion |
9:29 | Goblin Shredder |
9:34 | Peon |
9:39 | Raider |
9:43 | Grunt |
9:49 | Peon |
10:20 | Peon |
10:21 | Orc Burrow |
10:24 | Healing Salve |
10:25 | Lesser Clarity Potion |
10:25 | Scroll of Speed |
10:26 | Potion of Healing |
10:28 | Healing Salve |
10:40 | Endurance Aura |
10:49 | Steel Armor |
10:50 | Orc Burrow |
10:51 | Beastiary |
11:20 | Watch Tower |
11:22 | Envenomed Spears |
11:22 | Liquid Fire |
11:23 | Steel Ranged Weapons |
11:23 | Reinforced Defenses |
11:59 | Wind Rider |
12:12 | Scroll of Town Portal |
12:29 | Potion of Lesser Invulnerability |
12:41 | Scroll of Town Portal |
12:55 | Replenishment Potion |
13:14 | Chain Lighting |
13:29 | Orc Burrow |
13:30 | Watch Tower |
13:32 | Orc Burrow |
13:36 | War Stomp |
13:37 | Pillage |
14:35 | Wind Rider |
14:39 | Healing Salve |
14:39 | Lesser Clarity Potion |
14:43 | Scroll of Speed |
14:46 | Lesser Clarity Potion |
15:20 | Wind Rider |
15:40 | Wind Rider |
16:08 | Wind Rider |
Right click | 1192 |
Select | 531 |
Select group | 259 |
Assign group | 143 |
Build/train/purchase | 134 |
Chat | 122 |
Use ability | 47 |
Minimap ping | 28 |
Misc. action | 14 |
Resource trade | 4 |
Item give/drop | 2 |
Remove unit | 1 |
Rod of Necromancy | 3 | 450 |
Sacrificial Skull | 1 | 50 |
Lesser Clarity Potion | 1 | 70 |
Potion of Mana | 1 | 200 |
Orb of Corruption | 1 | 375 |
Potion of Healing | 1 | 150 |
Scroll of Healing | 1 | 250 |
Scroll of Town Portal | 1 | 350 |
Boots of Speed | 1 | 250 |
Potion of Lesser Invulnerability | 1 | 150 |
total: | 12 | 2295g |
Acolyte | 8 | 600 | / | 0 |
Ghoul | 5 | 600 | / | 0 |
Crypt Fiend | 10 | 2150 | / | 400 |
Obsidian Statue | 5 | 1000 | / | 175 |
total: | 28 | 4350g | / | 575w |
Nerubian Tower | 1 | 100 | / | 20 |
Graveyard | 1 | 215 | / | 0 |
Crypt | 2 | 400 | / | 100 |
Altar of Darkness | 1 | 180 | / | 50 |
Ziggurat | 6 | 900 | / | 300 |
Tomb of Relics | 1 | 130 | / | 30 |
Necropolis | 1 | 225 | / | 0 |
Slaughterhouse | 1 | 140 | / | 135 |
Halls of the Dead | 1 | 320 | / | 210 |
Black Citadel | 1 | 325 | / | 230 |
total: | 13 | 2190g | / | 615w |
0:04 | Acolyte |
0:05 | Acolyte |
0:07 | Graveyard |
0:11 | Crypt |
0:19 | Acolyte |
0:42 | Altar of Darkness |
0:58 | Ziggurat |
1:18 | Ghoul |
1:32 | Tomb of Relics |
1:50 | Crypt Fiend |
2:01 | Ziggurat |
2:23 | Crypt Fiend |
2:46 | Rod of Necromancy |
2:46 | Sacrificial Skull |
2:48 | Carrion Beetles |
2:52 | Acolyte |
3:02 | Ghoul |
3:18 | Ziggurat |
3:43 | Impale |
3:44 | Acolyte |
3:51 | Acolyte |
4:00 | Acolyte |
4:06 | Acolyte |
4:13 | Nerubian Tower |
4:40 | Crypt Fiend |
4:55 | Rod of Necromancy |
5:22 | Halls of the Dead |
5:28 | Crypt |
5:43 | Necropolis |
5:52 | Carrion Beetles |
6:09 | Crypt Fiend |
6:54 | Crypt Fiend |
6:56 | Ziggurat |
6:56 | Ziggurat |
7:54 | Black Citadel |
8:25 | Slaughterhouse |
8:29 | Ghoul |
8:29 | Ghoul |
8:33 | Ghoul |
8:49 | Lesser Clarity Potion |
8:51 | Rod of Necromancy |
8:53 | Potion of Mana |
8:57 | Frost Nova |
9:03 | Crypt Fiend |
9:21 | Creature Attack |
9:21 | Burrow |
9:42 | Boots of Speed |
9:42 | Potion of Lesser Invulnerability |
9:45 | Scroll of Healing |
9:52 | Obsidian Statue |
9:52 | Obsidian Statue |
10:26 | Impale |
10:39 | Destroyer Form |
10:40 | Web |
10:52 | Improved Creature Attack |
11:15 | Orb of Corruption |
11:20 | Death Coil |
11:46 | Crypt Fiend |
11:59 | Creature Carapace |
12:18 | Frost Armor |
12:36 | Obsidian Statue |
12:38 | Ziggurat |
12:39 | Crypt Fiend |
13:44 | Crypt Fiend |
13:45 | Obsidian Statue |
13:45 | Obsidian Statue |
14:16 | Scroll of Town Portal |
14:17 | Potion of Healing |
15:20 | Advanced Creature Attack |
15:38 | Crypt Fiend |
15:40 | Improved Creature Carapace |
Select group | 3840 |
Right click | 1360 |
Select | 543 |
Misc. action | 189 |
Build/train/purchase | 109 |
Use ability | 85 |
Assign group | 64 |
Resource trade | 8 |
Item give/drop | 6 |
Remove unit | 2 |
Scroll of Regeneration | 2 | 200 |
Lesser Clarity Potion | 4 | 280 |
Potion of Healing | 1 | 150 |
Staff of Sanctuary | 1 | 250 |
Scroll of Town Portal | 2 | 700 |
total: | 10 | 1580g |
Peasant | 18 | 1350 | / | 0 |
Footman | 12 | 1620 | / | 0 |
Rifleman | 1 | 205 | / | 30 |
Flying Machine | 14 | 1400 | / | 420 |
Knight | 12 | 2940 | / | 720 |
total: | 57 | 7515g | / | 1170w |
Altar of Kings | 1 | 180 | / | 50 |
Barracks | 2 | 320 | / | 120 |
Farm | 9 | 720 | / | 180 |
Town Hall | 1 | 385 | / | 205 |
Blacksmith | 1 | 140 | / | 60 |
Lumber Mill | 1 | 120 | / | 0 |
Arcane Vault | 1 | 130 | / | 30 |
Workshop | 2 | 280 | / | 280 |
Keep | 1 | 320 | / | 210 |
Castle | 1 | 360 | / | 210 |
total: | 18 | 2275g | / | 925w |
0:05 | Peasant |
0:05 | Peasant |
0:08 | Altar of Kings |
0:22 | Barracks |
0:32 | Peasant |
0:36 | Farm |
0:48 | Peasant |
0:51 | Farm |
0:53 | Peasant |
1:01 | Peasant |
1:23 | Footman |
1:26 | Peasant |
1:34 | Farm |
1:45 | Footman |
2:02 | Footman |
2:07 | Peasant |
2:11 | Summon Water Elemental |
2:33 | Footman |
2:33 | Peasant |
2:45 | Brilliance Aura |
3:02 | Peasant |
3:11 | Town Hall |
3:20 | Peasant |
3:28 | Peasant |
3:54 | Footman |
4:19 | Peasant |
4:20 | Peasant |
4:24 | Footman |
4:44 | Keep |
4:48 | Peasant |
4:48 | Peasant |
5:03 | Footman |
5:08 | Footman |
5:09 | Farm |
5:21 | Blacksmith |
5:22 | Lumber Mill |
5:39 | Arcane Vault |
5:48 | Footman |
6:02 | Footman |
6:21 | Footman |
6:31 | Footman |
6:54 | Summon Water Elemental |
7:08 | Castle |
7:08 | Improved Lumber Harvesting |
7:16 | Workshop |
7:32 | Scroll of Regeneration |
7:32 | Lesser Clarity Potion |
7:41 | Peasant |
7:41 | Peasant |
7:47 | Workshop |
8:07 | Potion of Healing |
8:07 | Lesser Clarity Potion |
8:11 | Rifleman |
8:22 | Flying Machine |
8:22 | Flying Machine |
8:24 | Farm |
8:27 | Storm Bolt |
8:38 | Flying Machine |
8:44 | Scroll of Town Portal |
8:44 | Lesser Clarity Potion |
8:53 | Iron Forged Swords |
9:30 | Advanced Lumber Harvesting |
9:33 | Knight |
9:36 | Barracks |
9:38 | Flying Machine |
9:39 | Flak Cannons |
9:42 | Farm |
9:43 | Farm |
10:05 | Knight |
10:16 | Knight |
10:40 | Knight |
10:50 | Scroll of Regeneration |
10:50 | Lesser Clarity Potion |
10:53 | Staff of Sanctuary |
10:59 | Knight |
11:04 | Sundering Blades |
11:14 | Knight |
11:15 | Flying Machine |
11:43 | Holy Light |
11:50 | Flying Machine |
11:52 | Farm |
11:54 | Farm |
12:25 | Knight |
12:27 | Flying Machine |
12:49 | Animal War Training |
12:49 | Flying Machine |
12:57 | Scroll of Town Portal |
13:16 | Knight |
13:36 | Knight |
14:00 | Flying Machine |
14:01 | Flying Machine |
14:23 | Knight |
14:51 | Knight |
14:52 | Flying Machine |
15:06 | Flying Machine |
15:44 | Knight |
16:00 | Flying Machine |
16:01 | Flying Machine |
Right click | 1242 |
Select group | 457 |
Select | 363 |
Misc. action | 161 |
Build/train/purchase | 138 |
Assign group | 86 |
Use ability | 18 |
Remove unit | 4 |
Resource trade | 4 |
Minimap ping | 3 |
Item give/drop | 2 |
Potion of Healing | 1 | 150 |
Scroll of Regeneration | 3 | 300 |
Scroll of Healing | 2 | 500 |
total: | 6 | 950g |
Peasant | 29 | 2175 | / | 0 |
Rifleman | 6 | 1230 | / | 180 |
Goblin Shredder | 2 | 750 | / | 200 |
total: | 37 | 4155g | / | 380w |
Scout Tower | 2 | 60 | / | 40 |
Arcane Tower | 1 | 70 | / | 50 |
Guard Tower | 2 | 140 | / | 100 |
Altar of Kings | 2 | 360 | / | 100 |
Farm | 8 | 640 | / | 160 |
Town Hall | 3 | 1155 | / | 615 |
Lumber Mill | 1 | 120 | / | 0 |
Blacksmith | 1 | 140 | / | 60 |
Barracks | 4 | 640 | / | 240 |
Keep | 1 | 320 | / | 210 |
total: | 21 | 3115g | / | 1215w |
0:04 | Peasant |
0:04 | Peasant |
0:08 | Altar of Kings |
0:11 | Altar of Kings |
0:13 | Farm |
0:28 | Peasant |
0:49 | Peasant |
0:49 | Peasant |
1:08 | Peasant |
1:09 | Peasant |
1:24 | Peasant |
1:24 | Peasant |
1:46 | Peasant |
1:46 | Peasant |
1:49 | Farm |
1:52 | Summon Water Elemental |
2:44 | Town Hall |
2:53 | Peasant |
2:53 | Peasant |
2:58 | Brilliance Aura |
3:10 | Peasant |
3:10 | Peasant |
3:37 | Lumber Mill |
4:20 | Scout Tower |
4:21 | Keep |
5:10 | Peasant |
5:10 | Peasant |
5:10 | Peasant |
5:11 | Peasant |
5:16 | Scout Tower |
5:37 | Blacksmith |
5:52 | Arcane Tower |
5:54 | Barracks |
6:28 | Peasant |
6:28 | Peasant |
7:03 | Barracks |
7:04 | Black Gunpowder |
7:41 | Storm Bolt |
7:53 | Farm |
7:53 | Farm |
7:55 | Peasant |
7:56 | Peasant |
7:56 | Peasant |
8:38 | Potion of Healing |
8:38 | Scroll of Regeneration |
8:41 | Rifleman |
8:42 | Long Rifles |
8:44 | Peasant |
8:56 | Refined Gunpowder |
9:33 | Goblin Shredder |
9:33 | Goblin Shredder |
10:13 | Rifleman |
10:24 | Guard Tower |
10:26 | Rifleman |
11:43 | Peasant |
11:43 | Peasant |
11:43 | Peasant |
11:43 | Peasant |
11:47 | Barracks |
11:50 | Barracks |
11:57 | Studded Leather Armor |
12:24 | Town Hall |
12:27 | Town Hall |
12:31 | Rifleman |
12:34 | Farm |
12:35 | Farm |
12:40 | Farm |
12:41 | Farm |
13:01 | Scroll of Healing |
13:02 | Scroll of Healing |
14:54 | Scroll of Regeneration |
15:21 | Rifleman |
15:23 | Rifleman |
16:02 | Scroll of Regeneration |
Right click | 688 |
Select group | 401 |
Select | 274 |
Build/train/purchase | 140 |
Assign group | 56 |
Misc. action | 53 |
Chat | 45 |
Use ability | 15 |
Minimap ping | 15 |
Esc | 5 |
Rod of Necromancy | 1 | 150 |
Orb of Corruption | 1 | 375 |
Potion of Mana | 2 | 400 |
Scroll of Town Portal | 3 | 1050 |
Scroll of Healing | 1 | 250 |
Potion of Lesser Invulnerability | 1 | 150 |
total: | 9 | 2375g |
Acolyte | 7 | 525 | / | 0 |
Ghoul | 7 | 840 | / | 0 |
Crypt Fiend | 6 | 1290 | / | 240 |
Abomination | 4 | 960 | / | 280 |
Obsidian Statue | 2 | 400 | / | 70 |
total: | 26 | 4015g | / | 590w |
Crypt | 1 | 200 | / | 50 |
Graveyard | 2 | 430 | / | 0 |
Altar of Darkness | 1 | 180 | / | 50 |
Ziggurat | 8 | 1200 | / | 400 |
Tomb of Relics | 1 | 130 | / | 30 |
Slaughterhouse | 2 | 280 | / | 270 |
Halls of the Dead | 1 | 320 | / | 210 |
Black Citadel | 1 | 325 | / | 230 |
total: | 15 | 2420g | / | 800w |
0:02 | Acolyte |
0:03 | Acolyte |
0:09 | Crypt |
0:19 | Graveyard |
0:22 | Graveyard |
0:42 | Altar of Darkness |
0:57 | Ziggurat |
1:13 | Ghoul |
1:23 | Ghoul |
1:29 | Tomb of Relics |
1:48 | Ghoul |
1:58 | Ghoul |
2:02 | Ziggurat |
2:10 | Acolyte |
2:27 | Acolyte |
2:44 | Death Coil |
2:44 | Rod of Necromancy |
2:55 | Ghoul |
2:56 | Acolyte |
3:34 | Unholy Aura |
3:42 | Ghoul |
3:44 | Ghoul |
3:47 | Acolyte |
3:48 | Acolyte |
4:16 | Crypt Fiend |
5:15 | Ziggurat |
5:15 | Ziggurat |
5:19 | Halls of the Dead |
6:09 | Crypt Fiend |
6:09 | Crypt Fiend |
6:30 | Crypt Fiend |
6:44 | Creature Attack |
7:19 | Death Coil |
7:34 | Crypt Fiend |
7:54 | Black Citadel |
7:55 | Slaughterhouse |
7:55 | Slaughterhouse |
8:47 | Crypt Fiend |
8:49 | Frost Nova |
9:08 | Web |
9:15 | Ziggurat |
9:25 | Ziggurat |
9:30 | Ziggurat |
9:31 | Ziggurat |
10:24 | Frost Armor |
10:36 | Abomination |
10:37 | Disease Cloud |
10:38 | Abomination |
10:39 | Improved Creature Attack |
10:40 | Unholy Armor |
11:52 | Scroll of Town Portal |
11:55 | Orb of Corruption |
11:59 | Scroll of Healing |
12:01 | Scroll of Town Portal |
12:04 | Potion of Mana |
12:06 | Abomination |
12:16 | Obsidian Statue |
12:33 | Potion of Lesser Invulnerability |
12:38 | Unholy Aura |
12:49 | Abomination |
13:15 | Frost Nova |
13:45 | Cannibalize |
14:33 | Scroll of Town Portal |
14:33 | Potion of Mana |
14:41 | Improved Unholy Armor |
14:41 | Unholy Strength |
14:43 | Destroyer Form |
14:44 | Obsidian Statue |
15:08 | Frost Armor |
15:09 | Death Coil |
Right click | 754 |
Select | 426 |
Build/train/purchase | 73 |
Resource trade | 50 |
Use ability | 43 |
Misc. action | 31 |
Assign group | 5 |
Select group | 4 |
Remove unit | 1 |
Rod of Necromancy | 2 | 300 |
Orb of Corruption | 1 | 375 |
Potion of Mana | 1 | 200 |
Lesser Clarity Potion | 2 | 140 |
Scroll of Town Portal | 2 | 700 |
Scroll of Healing | 1 | 250 |
total: | 9 | 1965g |
Acolyte | 3 | 225 | / | 0 |
Ghoul | 2 | 240 | / | 0 |
Crypt Fiend | 14 | 3010 | / | 560 |
Obsidian Statue | 6 | 1200 | / | 210 |
total: | 25 | 4675g | / | 770w |
Graveyard | 1 | 215 | / | 0 |
Crypt | 1 | 200 | / | 50 |
Altar of Darkness | 1 | 180 | / | 50 |
Ziggurat | 5 | 750 | / | 250 |
Tomb of Relics | 2 | 260 | / | 60 |
Slaughterhouse | 1 | 140 | / | 135 |
Halls of the Dead | 1 | 320 | / | 210 |
Black Citadel | 1 | 325 | / | 230 |
total: | 11 | 1745g | / | 545w |
0:02 | Acolyte |
0:07 | Graveyard |
0:08 | Crypt |
0:23 | Acolyte |
0:35 | Altar of Darkness |
0:48 | Ziggurat |
1:04 | Tomb of Relics |
1:07 | Tomb of Relics |
1:16 | Ghoul |
1:42 | Crypt Fiend |
1:49 | Ziggurat |
2:14 | Crypt Fiend |
2:41 | Rod of Necromancy |
2:42 | Death Coil |
2:51 | Crypt Fiend |
3:14 | Crypt Fiend |
3:32 | Unholy Aura |
3:39 | Ghoul |
3:45 | Halls of the Dead |
3:58 | Ziggurat |
4:18 | Crypt Fiend |
4:36 | Creature Attack |
4:51 | Crypt Fiend |
5:41 | Crypt Fiend |
6:10 | Crypt Fiend |
6:35 | Black Citadel |
6:40 | Death Coil |
7:04 | Slaughterhouse |
7:07 | Frost Nova |
7:10 | Ziggurat |
7:11 | Crypt Fiend |
7:44 | Dark Ritual |
7:45 | Crypt Fiend |
8:13 | Obsidian Statue |
8:32 | Obsidian Statue |
8:35 | Web |
9:01 | Obsidian Statue |
9:17 | Scroll of Town Portal |
9:33 | Destroyer Form |
10:14 | Obsidian Statue |
10:41 | Crypt Fiend |
11:10 | Obsidian Statue |
11:10 | Crypt Fiend |
11:14 | Orb of Corruption |
11:17 | Impale |
11:35 | Ziggurat |
12:28 | Crypt Fiend |
12:41 | Scroll of Town Portal |
12:43 | Rod of Necromancy |
13:52 | Unholy Aura |
13:59 | Frost Nova |
14:40 | Potion of Mana |
14:40 | Scroll of Healing |
15:16 | Crypt Fiend |
15:30 | Obsidian Statue |
15:32 | Acolyte |
15:39 | Lesser Clarity Potion |
15:41 | Lesser Clarity Potion |
16:04 | Spiked Carapace |
Right click | 836 |
Select group | 687 |
Select | 326 |
Chat | 112 |
Build/train/purchase | 99 |
Use ability | 77 |
Assign group | 75 |
Misc. action | 11 |
Resource trade | 9 |
Item give/drop | 6 |
Minimap ping | 4 |
Remove unit | 2 |
Healing Salve | 2 | 200 |
Lesser Clarity Potion | 5 | 350 |
Scroll of Town Portal | 1 | 350 |
total: | 8 | 900g |
Peon | 8 | 600 | / | 0 |
Troll Headhunter | 16 | 2240 | / | 320 |
Kodo Beast | 1 | 255 | / | 60 |
Troll Berserker | 5 | 700 | / | 100 |
Shaman | 4 | 520 | / | 80 |
Wind Rider | 3 | 795 | / | 120 |
Troll Witch Doctor | 1 | 145 | / | 25 |
total: | 38 | 5255g | / | 705w |
War Mill | 1 | 205 | / | 0 |
Barracks | 1 | 180 | / | 50 |
Altar of Storms | 1 | 180 | / | 50 |
Orc Burrow | 6 | 960 | / | 240 |
Voodoo Lounge | 1 | 130 | / | 30 |
Spirit Lodge | 1 | 150 | / | 150 |
Beastiary | 2 | 290 | / | 280 |
Stronghold | 1 | 315 | / | 190 |
Fortress | 1 | 325 | / | 190 |
total: | 13 | 2095g | / | 800w |
0:05 | Peon |
0:05 | Peon |
0:21 | War Mill |
0:29 | Peon |
0:45 | Peon |
0:58 | Barracks |
1:00 | Altar of Storms |
1:06 | Orc Burrow |
1:19 | Peon |
1:19 | Peon |
1:28 | Peon |
1:51 | Orc Burrow |
2:05 | Troll Headhunter |
2:08 | Peon |
2:20 | Voodoo Lounge |
2:23 | Troll Headhunter |
2:39 | Troll Headhunter |
2:53 | Troll Headhunter |
2:56 | Breath of Fire |
3:26 | Healing Salve |
3:26 | Lesser Clarity Potion |
3:33 | Troll Headhunter |
4:00 | Stronghold |
4:11 | Troll Headhunter |
4:11 | Troll Headhunter |
4:27 | Orc Burrow |
4:50 | Drunken Brawler |
4:52 | Troll Headhunter |
5:03 | Troll Headhunter |
5:06 | Steel Ranged Weapons |
5:36 | Troll Headhunter |
6:05 | Troll Headhunter |
6:23 | Fortress |
6:35 | Breath of Fire |
6:39 | Troll Headhunter |
6:54 | Troll Headhunter |
7:03 | Troll Headhunter |
7:07 | Spirit Lodge |
7:08 | Beastiary |
7:34 | Orc Burrow |
8:06 | Troll Headhunter |
8:26 | Troll Headhunter |
8:33 | Scroll of Town Portal |
8:33 | Healing Salve |
8:34 | Lesser Clarity Potion |
8:34 | Lesser Clarity Potion |
8:39 | Shaman Adept Training |
8:44 | Berserker Upgrade |
9:02 | Kodo Beast |
9:25 | Troll Berserker |
9:35 | War Drums Damage Increase |
9:41 | Shaman Master Training |
9:42 | Troll Berserker |
9:42 | Troll Berserker |
10:05 | Drunken Brawler |
10:11 | Troll Berserker |
10:12 | Shaman |
10:31 | Wind Rider |
10:31 | Envenomed Spears |
11:10 | Orc Burrow |
11:13 | Orc Burrow |
11:27 | Shaman |
11:27 | Shaman |
11:53 | Wind Rider |
12:08 | Lesser Clarity Potion |
12:08 | Lesser Clarity Potion |
12:33 | Troll Berserker |
12:41 | Reinforced Defenses |
12:43 | Witch Doctor Adept Training |
13:08 | Breath of Fire |
14:01 | Wind Rider |
14:04 | Steel Armor |
14:31 | Witch Doctor Master Training |
14:45 | Storm Earth and Fire |
14:57 | Shaman |
15:02 | Beastiary |
16:06 | Troll Witch Doctor |
Select group | 1897 |
Right click | 974 |
Chat | 480 |
Select | 349 |
Assign group | 148 |
Build/train/purchase | 87 |
Misc. action | 41 |
Use ability | 38 |
Esc | 6 |
Item give/drop | 1 |
Staff of Preservation | 1 | 150 |
Orb of Venom | 1 | 325 |
total: | 2 | 475g |
Wisp | 34 | 2040 | / | 0 |
Archer | 8 | 1040 | / | 80 |
Mountain Giant | 5 | 1750 | / | 500 |
total: | 47 | 4830g | / | 580w |
Ancient Protector | 1 | 135 | / | 80 |
Altar of Elders | 1 | 180 | / | 50 |
Moon Well | 7 | 1260 | / | 280 |
Ancient of War | 2 | 300 | / | 120 |
Hunter's Hall | 1 | 210 | / | 100 |
Ancient of Wonders | 1 | 90 | / | 30 |
Ancient of Lore | 2 | 310 | / | 290 |
Tree of Ages | 2 | 640 | / | 360 |
Tree of Eternity | 1 | 330 | / | 200 |
total: | 15 | 2485g | / | 950w |
0:03 | Wisp |
0:06 | Altar of Elders |
0:07 | Wisp |
0:18 | Moon Well |
0:20 | Wisp |
0:31 | Wisp |
0:39 | Wisp |
0:51 | Ancient of War |
0:53 | Wisp |
0:58 | Wisp |
1:05 | Wisp |
1:21 | Wisp |
1:37 | Moon Well |
1:38 | Wisp |
1:52 | Archer |
2:05 | Ancient of War |
2:09 | Force of Nature |
2:21 | Wisp |
2:29 | Wisp |
2:39 | Archer |
3:02 | Wisp |
3:28 | Archer |
3:30 | Moon Well |
3:38 | Wisp |
3:38 | Wisp |
3:38 | Wisp |
3:46 | Wisp |
3:46 | Wisp |
4:05 | Moon Well |
4:27 | Entangling Roots |
4:44 | Hunter's Hall |
5:05 | Wisp |
5:19 | Tree of Ages |
5:33 | Archer |
5:45 | Archer |
6:43 | Archer |
6:51 | Archer |
7:17 | Force of Nature |
7:48 | Wisp |
7:49 | Wisp |
7:49 | Wisp |
8:02 | Ancient of Wonders |
8:02 | Wisp |
8:02 | Wisp |
8:03 | Wisp |
8:24 | Improved Bows |
8:25 | Wisp |
8:32 | Moon Well |
8:41 | Ancient of Lore |
8:45 | Trueshot Aura |
8:58 | Wisp |
8:58 | Wisp |
9:33 | Ancient of Lore |
9:35 | Archer |
9:55 | Tree of Eternity |
10:22 | Mountain Giant |
10:33 | Mountain Giant |
10:48 | Ancient Protector |
10:51 | Moon Well |
11:29 | Mountain Giant |
11:45 | Moon Well |
12:32 | Resistant Skin |
12:32 | Hardened Skin |
12:38 | Reinforced Hides |
13:13 | Mountain Giant |
14:04 | Scout |
14:05 | Entangling Roots |
14:20 | Mountain Giant |
14:22 | Wisp |
14:22 | Wisp |
14:22 | Wisp |
14:22 | Wisp |
14:23 | Wisp |
14:23 | Wisp |
15:27 | Staff of Preservation |
15:39 | Orb of Venom |
16:28 | Trueshot Aura |
Right click | 1535 |
Select group | 572 |
Select | 354 |
Misc. action | 235 |
Chat | 92 |
Build/train/purchase | 80 |
Use ability | 57 |
Assign group | 56 |
Minimap ping | 8 |
Resource trade | 4 |
Item give/drop | 2 |
Remove unit | 1 |